[Event "Titled Tuesday Blitz May 17 Early 2022"]
[White "Kucuksari, Kaan"]
[Black "Shipov, Sergei"]
[WhiteFideId "6380166"]
[BlackFideId "4113624"]
[WhiteElo "2305"]
[BlackElo "2774"]
[Result "0-1"]
[Round "07"]
[TimeControl "180+1"]
[Date "2022.05.17"]
[WhiteClock "0:00:02"]
[BlackClock "0:00:38"]

1. d4 Nf6 2. c4 c5 3. d5 b5 4. cxb5 a6 5. bxa6 g6 6. Nc3 Bg7 7. e4 d6 8. Nf3 Qa5 9. Bd2 O-O 10. Be2 Bxa6 11. O-O Bxe2 12. Qxe2 Nbd7 13. a4 Qb4 14. b3 Rfb8 15. Rfb1 Qb6 16. h3 Ne8 17. Ra2 Nc7 18. Qe1 Qa6 19. Bg5 Qd3 20. Bd2 Ne5 21. Nxe5 Bxe5 22. Qe2 Qxe2 23. Nxe2 f5 24. f3 fxe4 25. fxe4 Ne8 26. Bf4 Bg7 27. Bg5 Nf6 28. Nc3 Rb4 29. Re2 Rab8 30. Bxf6 Bxf6 31. Nb5 c4 32. e5 Bxe5 33. Re4 Rxb3 34. Rxb3 cxb3 35. Rb4 b2 36. a5 Rc8 37. Na3 Rc1+ 38. Kf2 Ra1 39. Nc2 b1=Q 40. Rxb1 Rxb1 0-1


[Site "https://www.chess.com"]

[Event "Titled Tuesday Blitz May 17 Early 2022"]
[White "Nakamura, Hikaru"]
[Black "Neiksans, Arturs"]
[WhiteFideId "2016192"]
[BlackFideId "11601388"]
[WhiteElo "2850"]
[BlackElo "2447"]
[Result "1-0"]
[Round "07"]
[TimeControl "180+1"]
[Date "2022.05.17"]
[WhiteClock "0:00:18"]
[BlackClock "0:00:11"]

1. Nf3 f5 2. d3 Nc6 3. d4 e6 4. c4 Nf6 5. d5 Bb4+ 6. Bd2 exd5 7. cxd5 Nxd5 8. Bxb4 Ndxb4 9. e3 O-O 10. a3 Na6 11. b4 Qf6 12. Ra2 Nab8 13. Rc2 a6 14. Nc3 Ne7 15. Bc4+ Kh8 16. Ne2 c6 17. h4 d5 18. Bb3 Nd7 19. h5 Ng8 20. Nf4 Ne5 21. Nxe5 Qxe5 22. Qd4 Re8 23. Qxe5 Rxe5 24. Kd2 Nf6 25. a4 Bd7 26. Kc3 Kg8 27. Rb2 Kf7 28. Bc2 Re7 29. Bd3 a5 30. bxa5 Rxa5 31. Rxb7 Rxa4 32. Rc7 Ra3+ 33. Kb4 Ra8 34. Rc1 Be8 35. Rxe7+ Kxe7 36. Bxf5 Kd6 37. g4 c5+ 38. Kc3 Ra2 39. f3 Ra3+ 40. Kd2 h6 41. Rb1 Ra2+ 42. Ke1 c4 43. Ne2 Ba4 44. Nd4 Ra3 45. Kf2 Ng8 46. Rb7 Ne7 47. Bh7 Ra2+ 48. Kg3 c3 49. Ra7 Bb3 50. Nb5+ Kc5 51. Rxa2 Bxa2 52. Nxc3 d4 53. Nxa2 dxe3 54. Nc3 Kd4 55. Ne2+ Ke5 56. f4+ Kf6 57. Kf3 1-0


[Site "https://www.chess.com"]

[Event "Titled Tuesday Blitz May 17 Early 2022"]
[White "Oganian, Miran"]
[Black "Svane, Frederik"]
[WhiteFideId "4122488"]
[BlackFideId "12923044"]
[WhiteElo "2357"]
[BlackElo "2459"]
[Result "1-0"]
[Round "07"]
[TimeControl "180+1"]
[Date "2022.05.17"]
[WhiteClock "0:00:06"]
[BlackClock "0:00:11"]

1. e4 c5 2. Nf3 g6 3. c3 d5 4. exd5 Qxd5 5. d4 Bg7 6. Be2 Nf6 7. O-O cxd4 8. Nxd4 O-O 9. Bf3 Qd7 10. Re1 Qc7 11. Nb5 Qa5 12. N1a3 Nc6 13. Bf4 e5 14. b4 Qb6 15. Be3 Qd8 16. Bc5 Re8 17. Nd6 Re6 18. Nac4 Bd7 19. Nxb7 Qc7 20. Nba5 Rd8 21. Qb3 Nxa5 22. Nxa5 Bb5 23. c4 Be8 24. Rad1 Rc8 25. Bd5 Rb6 26. Qe3 Ng4 27. Bxb6 axb6 28. Qg3 h5 29. Nb3 Bh6 30. h3 Bf4 31. Qd3 e4 32. Qxe4 Bh2+ 33. Kf1 Ne5 34. f4 Nxc4 35. Qxc4 Qb8 36. Rxe8+ Rxe8 37. Bxf7+ Kg7 38. Bxe8 Qxe8 39. Qd4+ Kh6 40. Nd2 Qb5+ 41. Kf2 h4 42. Qh8# 1-0


[Site "https://www.chess.com"]

[Event "Titled Tuesday Blitz May 17 Early 2022"]
[White "Postny, Evgeny"]
[Black "Keymer, Vincent"]
[WhiteFideId "2804344"]
[BlackFideId "12940690"]
[WhiteElo "2500"]
[BlackElo "2548"]
[Result "0-1"]
[Round "07"]
[TimeControl "180+1"]
[Date "2022.05.17"]
[WhiteClock "0:00:01"]
[BlackClock "0:00:13"]

1. c4 Nf6 2. Nc3 e5 3. g3 Bb4 4. Bg2 O-O 5. e4 Bxc3 6. bxc3 c6 7. Ne2 d5 8. cxd5 cxd5 9. exd5 Nxd5 10. O-O Nc6 11. d4 exd4 12. cxd4 Bg4 13. Bb2 Re8 14. Re1 Qd7 15. Qd2 Be6 16. Rac1 h6 17. Rc5 Rad8 18. Rec1 a6 19. a3 Nce7 20. Nf4 Nxf4 21. Qxf4 Bd5 22. Bf1 Bc6 23. d5 Nxd5 24. Qd4 f6 25. Bg2 Kh8 26. h4 Ne7 27. Qf4 Bxg2 28. Kxg2 Nd5 29. Qf3 b6 30. Rc6 Qe7 31. Rd1 Qf7 32. Rd4 Rd7 33. Rc2 b5 34. Rcd2 Red8 35. Qf5 Nb6 36. Rxd7 Rxd7 37. Rxd7 Qxd7 38. Qg6 Kg8 39. Bc1 Qf7 40. Qg4 Qd7 0-1


[Site "https://www.chess.com"]

[Event "Titled Tuesday Blitz May 17 Early 2022"]
[White "Preotu, Razvan"]
[Black "Kosteniuk, Alexandra"]
[WhiteFideId "2613280"]
[BlackFideId "4128125"]
[WhiteElo "2407"]
[BlackElo "2469"]
[Result "0-1"]
[Round "07"]
[TimeControl "180+1"]
[Date "2022.05.17"]
[WhiteClock "0:00:08"]
[BlackClock "0:00:45"]

1. e4 e5 2. Nf3 Nc6 3. Bc4 Bc5 4. c3 Nf6 5. d3 O-O 6. O-O d5 7. exd5 Nxd5 8. Re1 Bg4 9. h3 Bh5 10. Nbd2 Nb6 11. Bb3 Kh8 12. Ne4 Be7 13. Ng3 Bxf3 14. Qxf3 f5 15. Bd2 Bg5 16. Rad1 Bxd2 17. Rxd2 Qg5 18. Rde2 Rad8 19. Bc2 h5 20. b4 h4 21. Nf1 e4 22. dxe4 Ne5 23. Qe3 f4 24. Qc1 Nf3+ 25. Kh1 Nxe1 26. Rxe1 Nc4 27. Nh2 Ne5 28. Rg1 Qh5 29. Bd1 Nd3 30. Qc2 Qe5 31. Bf3 c5 32. Ng4 Qc7 33. b5 c4 34. e5 Nxe5 35. Nxe5 Qxe5 36. Bxb7 Rd3 37. a4 Qxc3 38. Qe2 Rxh3+ 39. gxh3 Qxh3# 0-1


[Site "https://www.chess.com"]

[Event "Titled Tuesday Blitz May 17 Early 2022"]
[White "Sadhwani, Raunak"]
[Black "Makarian, Rudik"]
[WhiteFideId "35093487"]
[BlackFideId "44105681"]
[WhiteElo "2616"]
[BlackElo "2419"]
[Result "1/2-1/2"]
[Round "07"]
[TimeControl "180+1"]
[Date "2022.05.17"]
[WhiteClock "0:00:12"]
[BlackClock "0:00:03"]

1. e4 c5 2. Nf3 d6 3. d4 cxd4 4. Nxd4 Nf6 5. Nc3 a6 6. h3 e6 7. g4 h6 8. a3 Be7 9. h4 Nc6 10. Be3 Nxd4 11. Bxd4 e5 12. Be3 Bxg4 13. Be2 h5 14. Bg5 Be6 15. Qd2 Ng4 16. f3 Nf6 17. O-O-O Rc8 18. Kb1 b5 19. f4 exf4 20. Bxf4 Ng4 21. Nd5 Nf2 22. Nxe7 Qxe7 23. Bxd6 Nxe4 24. Qb4 Nxd6 25. Qxd6 Bf5 26. Rhe1 Qxd6 27. Rxd6 O-O 28. Bxh5 Rxc2 29. Ka2 Rh2 30. Rxa6 Rxh4 31. Bf3 Rf4 32. Bd5 Rd8 33. Bb3 Rf2 34. Rb6 Rdd2 35. Rb8+ Kh7 36. Bxf7 Rxb2+ 37. Ka1 g5 38. Rb7 Kh6 39. Rh1+ Rh2 40. Rxh2+ Rxh2 41. Rxb5 Rh1+ 42. Ka2 Be4 43. Re5 Bf3 1/2-1/2


[Site "https://www.chess.com"]

[Event "Titled Tuesday Blitz May 17 Early 2022"]
[White "Salem, A.R. Saleh"]
[Black "Garriga Cazorla, Pere"]
[WhiteFideId "9301348"]
[BlackFideId "32011601"]
[WhiteElo "2679"]
[BlackElo "2433"]
[Result "1/2-1/2"]
[Round "07"]
[TimeControl "180+1"]
[Date "2022.05.17"]
[WhiteClock "0:00:10"]
[BlackClock "0:00:18"]

1. d4 Nf6 2. c4 e6 3. Nc3 Bb4 4. a3 Bxc3+ 5. bxc3 d5 6. f3 c5 7. cxd5 exd5 8. e3 Qc7 9. Ne2 Nc6 10. g4 Be6 11. Nf4 O-O-O 12. Bg2 g5 13. Nd3 c4 14. Nf2 h5 15. h3 hxg4 16. hxg4 Rxh1+ 17. Bxh1 Rh8 18. Ke2 Qg3 19. Bd2 Rh2 20. Qg1 Qh4 21. Bg2 Na5 22. Be1 Nb3 23. Rd1 Qh7 24. Kf1 Rh6 25. Bd2 Qc2 26. Ke2 Rh4 27. Qe1 Nh7 28. Kf1 f5 29. gxf5 Bxf5 30. Kg1 g4 31. e4 Bd7 32. Be3 gxf3 33. Bxf3 Nf6 34. Bg5 Rxe4 35. Nxe4 Nxe4 36. Bxe4 dxe4 37. Qf1 Kc7 38. Qf4+ Kb6 39. Qd6+ Bc6 40. Rf1 Qxc3 41. d5 Qd4+ 42. Kg2 Qxd5 43. Qxd5 Bxd5 44. Be3+ Kb5 45. Rf5 Kc6 46. Rf6+ Kb5 47. Rf5 Kc6 48. Rf6+ Kd7 49. Bf4 Be6 50. Kf2 c3 51. Rh6 c2 52. Rh7+ Kc6 53. Rc7+ Kb5 54. Rxc2 Bc4 55. Ke3 Bd3 56. Rc7 Nc5 57. Bd6 b6 58. Bxc5 bxc5 59. Rxa7 Kc4 60. Kd2 Kb3 61. Rc7 c4 62. a4 Kxa4 63. Kc3 Kb5 64. Re7 Kc5 65. Re5+ Kd6 66. Kd4 c3 67. Rd5+ Ke6 68. Re5+ Kf6 69. Rc5 c2 70. Ke3 Ke6 71. Kd4 Kd6 72. Rd5+ Ke6 73. Re5+ Kd6 74. Rd5+ Kc6 75. Rc5+ Kb6 76. Rc8 Kb5 77. Ke3 Kb4 78. Kd2 Kb5 79. Ke3 Kb4 80. Kd2 Kb3 81. Ke3 Bc4 82. Kd2 e3+ 83. Kc1 Kc3 84. Re8 e2 85. Rxe2 Bxe2 1/2-1/2


[Site "https://www.chess.com"]

[Event "Titled Tuesday Blitz May 17 Early 2022"]
[White "Sarana, Alexey"]
[Black "Meshkovs, Nikita"]
[WhiteFideId "24133795"]
[BlackFideId "11602740"]
[WhiteElo "2666"]
[BlackElo "2506"]
[Result "1-0"]
[Round "07"]
[TimeControl "180+1"]
[Date "2022.05.17"]
[WhiteClock "0:00:08"]
[BlackClock "0:00:02"]

1. d4 Nf6 2. c4 e6 3. Nc3 Bb4 4. e3 c5 5. Bd3 Nc6 6. Ne2 cxd4 7. exd4 d5 8. cxd5 Qxd5 9. O-O Qh5 10. a3 Bd6 11. h3 O-O 12. Re1 Rd8 13. Be3 a6 14. Qc2 Bd7 15. Ne4 Nxe4 16. Bxe4 Rac8 17. Qd3 h6 18. Rad1 Ne7 19. Bxb7 Rb8 20. Bf3 Qa5 21. b4 Qb5 22. Nc3 Qxd3 23. Rxd3 f5 24. Bd2 Kf7 25. Bh5+ g6 26. Bd1 g5 27. g4 Kf6 28. gxf5 exf5 29. Rde3 Ng6 30. Nd5+ Kg7 31. Bh5 Bc6 32. Bxg6 Kxg6 33. Re6+ Kf7 34. Nf6 Bf3 35. d5 Rbc8 36. Nh7 Rc2 37. Rxh6 g4 38. Ng5+ Kg7 39. Ne6+ Kg8 40. Nxd8 Bf8 41. Re8 Rxd2 42. Rf6 Kg7 43. Rexf8 gxh3 44. Ne6+ Kh7 45. R8f7+ Kg8 46. Rg7+ Kh8 47. Rf8# 1-0


[Site "https://www.chess.com"]

[Event "Titled Tuesday Blitz May 17 Early 2022"]
[White "Shimanov, Aleksandr"]
[Black "Seemann, Jakub"]
[WhiteFideId "4198603"]
[BlackFideId "21874697"]
[WhiteElo "2605"]
[BlackElo "2003"]
[Result "1-0"]
[Round "07"]
[TimeControl "180+1"]
[Date "2022.05.17"]
[WhiteClock "0:00:06"]
[BlackClock "0:00:06"]

1. e4 e6 2. d3 d5 3. Nd2 Nf6 4. Ngf3 c5 5. g3 dxe4 6. dxe4 Nc6 7. Bg2 Be7 8. O-O O-O 9. e5 Nd5 10. c3 b6 11. Re1 Bb7 12. Qa4 Qc7 13. Qg4 Rad8 14. h4 Rfe8 15. h5 h6 16. Nf1 Kh8 17. Bd2 b5 18. Rad1 Bf8 19. Ne3 Nce7 20. Bc1 Nxe3 21. Bxe3 Nf5 22. Bf4 c4 23. Qh3 Rxd1 24. Rxd1 Rd8 25. Rxd8 Qxd8 26. g4 Qd1+ 27. Kh2 Ne7 28. Nd4 Bxg2 29. Kxg2 Nd5 30. Bh2 a6 31. Qf3 Qxf3+ 32. Kxf3 Bc5 33. Ne2 Kg8 34. Bg3 Kf8 35. Ke4 Ke7 36. f4 Kd7 37. f5 Kc6 38. Nf4 Nc7 39. fxe6 Nxe6 40. Nxe6 fxe6 41. Bh4 Kd7 42. g5 hxg5 43. Bxg5 Ke8 44. Bd2 Ke7 45. Bg5+ Kf7 46. Bh4 Ke8 47. Be1 Kd7 48. Kf4 Ke8 49. Bh4 b4 50. cxb4 Bxb4 51. Ke4 c3 52. bxc3 Bxc3 53. Bg3 Kd7 54. Bf4 Kc6 55. Bg5 Kb5 56. Be7 Bd2 57. Bf8 Bh6 58. Kd4 a5 59. a3 Ka4 60. Kc4 Bf4 61. Bxg7 Kxa3 62. h6 Bxh6 63. Bxh6 Kb2 64. Bf8 a4 65. Kb5 Kc3 66. Kxa4 Kd4 67. Bd6 Kd5 68. Kb5 Ke4 69. Kc6 Kf5 70. Kd7 1-0


[Site "https://www.chess.com"]

[Event "Titled Tuesday Blitz May 17 Early 2022"]
[White "Sjugirov, Sanan"]
[Black "Druska, Juraj"]
[WhiteFideId "4189302"]
[BlackFideId "14915650"]
[WhiteElo "2602"]
[BlackElo "2369"]
[Result "1-0"]
[Round "07"]
[TimeControl "180+1"]
[Date "2022.05.17"]
[WhiteClock "0:00:46"]
[BlackClock "0:00:34"]

1. Nf3 Nf6 2. c4 c6 3. d4 d5 4. e3 Bf5 5. Nc3 e6 6. Nh4 Bg6 7. Nxg6 hxg6 8. g3 Nbd7 9. Bd2 Nb6 10. c5 Nbd7 11. Bg2 e5 12. O-O Be7 13. b4 b5 14. a4 a6 15. e4 exd4 16. Nxd5 cxd5 17. exd5 Nxc5 18. bxc5 Bxc5 19. axb5 axb5 20. Qe2+ Kf8 21. Qxb5 Bd6 22. Rxa8 Qxa8 23. Rc1 Kg8 24. Qc6 Qa3 25. Qb6 Kh7 26. Qxd4 Re8 27. h3 1-0


[Site "https://www.chess.com"]

[Event "Titled Tuesday Blitz May 17 Early 2022"]
[White "Svane, Rasmus"]
[Black "Seo, Jung Min"]
[WhiteFideId "4657101"]
[BlackFideId "1734687"]
[WhiteElo "2674"]
[BlackElo "2401"]
[Result "1-0"]
[Round "07"]
[TimeControl "180+1"]
[Date "2022.05.17"]
[WhiteClock "0:00:08"]
[BlackClock "0:00:04"]

1. Nf3 d5 2. g3 Nf6 3. Bg2 Bg4 4. O-O Nbd7 5. h3 Bxf3 6. Bxf3 e5 7. d3 Bd6 8. Nc3 c6 9. e4 dxe4 10. Nxe4 Nxe4 11. dxe4 Qe7 12. a4 O-O 13. Qe2 Rfd8 14. h4 a5 15. Bg5 Nf6 16. Rfd1 h6 17. Bd2 Bb4 18. c3 Bc5 19. Kg2 Rd7 20. Qc4 Rad8 21. Be1 Rxd1 22. Rxd1 Rxd1 23. Bxd1 Nd7 24. Bg4 Nf6 25. Bc8 Bb6 26. Bf5 Kf8 27. Qd3 Qd8 28. Qxd8+ Bxd8 29. Bc8 b6 30. Bb7 Nxe4 31. Bxc6 Nc5 32. Bd2 Ke7 33. b4 Nb3 34. Be3 axb4 35. cxb4 Kd6 36. Be8 f5 37. f4 Nd4 38. fxe5+ Kxe5 39. Bf4+ Kf6 40. Bd6 g5 41. h5 Be7 42. Bc7 Bxb4 43. Bxb6 Nb3 44. Bb5 Ba5 45. Ba7 Nd2 46. Bd4+ Kf7 47. Bd3 f4 48. gxf4 gxf4 49. Be5 f3+ 50. Kg3 Kg8 51. Bf4 Kg7 52. Bc2 Bb4 53. Bd1 Ne4+ 54. Kxf3 Nf6 55. Kg2 Nd5 56. Be5+ Nf6 57. Kf3 Kf7 58. Kf2 Ke6 59. Bf4 Kf5 60. Bxh6 Ng4+ 61. Bxg4+ Kxg4 62. Ke2 Kxh5 63. Bd2 Bc5 64. a5 Kg4 65. Kd3 Kf5 66. Kc4 Bf2 67. Kd5 Kf6 68. a6 Ke7 69. Kc6 Kd8 70. Kb7 Kd7 71. Ba5 Be3 72. Bb6 Bxb6 73. Kxb6 Kc8 74. a7 1-0


[Site "https://www.chess.com"]

[Event "Titled Tuesday Blitz May 17 Early 2022"]
[White "Vasquez Schroeder, Rodrigo"]
[Black "Piesik, Piotr"]
[WhiteFideId "3400042"]
[BlackFideId "1136194"]
[WhiteElo "2567"]
[BlackElo "2190"]
[Result "1-0"]
[Round "07"]
[TimeControl "180+1"]
[Date "2022.05.17"]
[WhiteClock "0:01:40"]
[BlackClock "0:01:57"]

1. e4 g6 2. d4 Bg7 3. Nf3 c6 4. Nc3 d6 5. a4 Nf6 6. a5 O-O 7. h3 Nbd7 8. Be3 Qc7 9. Be2 Rb8 10. O-O b5 11. axb6 axb6 12. Bd3 b5 13. Ne2 e5 14. c3 Re8 15. Ng3 Nb6 16. Re1 Be6 17. b3 Ra8 18. Qc2 Qb7 19. Rxa8 Rxa8 20. dxe5 dxe5 21. Nxe5 Nxe4 22. Nxe4 Bxe5 23. Nc5 Qe7 24. Nxe6 Qxe6 25. Bxb6 Bh2+ 26. Kf1 1-0


[Site "https://www.chess.com"]

[Event "Titled Tuesday Blitz May 17 Early 2022"]
[White "Visakh N R"]
[Black "Xiong, Jeffery"]
[WhiteFideId "25012223"]
[BlackFideId "2047640"]
[WhiteElo "2448"]
[BlackElo "2727"]
[Result "1/2-1/2"]
[Round "07"]
[TimeControl "180+1"]
[Date "2022.05.17"]
[WhiteClock "0:00:15"]
[BlackClock "0:00:11"]

1. c4 e5 2. g3 Be7 3. Bg2 f5 4. e3 Nf6 5. Ne2 O-O 6. O-O c6 7. Nbc3 Na6 8. f4 d6 9. fxe5 dxe5 10. d4 Be6 11. dxe5 Ng4 12. Nd4 Bxc4 13. Rxf5 Rxf5 14. Nxf5 Qxd1+ 15. Nxd1 Bb4 16. b3 Bd3 17. Nd6 Nxe5 18. Nxb7 Rb8 19. a3 Rxb7 20. axb4 Nxb4 21. Bb2 Ng4 22. Nf2 Nxf2 23. Kxf2 Nc2 24. Ra5 Rf7+ 25. Kg1 Nxe3 26. Bd4 Nxg2 27. Kxg2 Bf1+ 28. Kg1 Bh3 29. Bf2 Rf3 30. b4 Rb3 31. Bc5 Rf3 32. Bf2 Rb3 33. Bc5 Rb1+ 34. Kf2 Rb2+ 35. Kg1 Rg2+ 36. Kh1 Rb2 37. Kg1 Rb1+ 38. Kf2 Rh1 39. Rxa7 Rxh2+ 40. Kf3 Rd2 41. Ke3 Rd5 42. Re7 h6 43. Bd4 Rg5 44. Kf2 Kf8 45. Re5 Rg6 46. Bc5+ Kg8 47. Re8+ Kh7 48. Bd4 Bg4 49. Re7 Kg8 50. Rc7 Bf5 51. Rb7 Be4 52. b5 cxb5 53. Rxb5 Ra6 54. Rb8+ Kh7 55. Re8 Bd5 56. Re7 Rg6 57. Be5 Kg8 58. Ke3 Bf7 59. Ra7 Re6 60. Kd4 Rb6 61. Ra8+ Kh7 62. Ra7 Kg6 63. Ke3 Rb3+ 64. Kf2 Rb4 65. Ra6+ Kh7 66. Ra7 Rb5 67. Rxf7 Rxe5 68. Kg2 Kg6 69. Ra7 h5 70. Kh3 Re4 71. Ra8 Kg5 72. Rg8 Re7 73. Rh8 Re5 74. Rg8 g6 75. Rg7 Re3 76. Kh2 Kf5 77. Rg8 g5 78. Rh8 Kg4 79. Rg8 Re2+ 80. Kg1 Re5 81. Kh2 Ra5 82. Rg7 Ra2+ 83. Kg1 Ra3 84. Kh2 Re3 85. Rg8 Re5 86. Kg2 Rf5 87. Rg7 Rb5 88. Rg8 Rb2+ 89. Kg1 Re2 90. Rg7 Kf5 91. Rh7 Ke4 92. Rxh5 g4 93. Ra5 Kf3 94. Ra3+ Re3 95. Ra1 Re2 96. Ra3+ Re3 97. Ra1 Kxg3 98. Rb1 Kh3 99. Ra1 Rg3+ 100. Kh1 Rf3 101. Rb1 g3 102. Kg1 Rf2 103. Ra1 Rg2+ 104. Kh1 Rh2+ 105. Kg1 Rg2+ 106. Kh1 Rb2 107. Kg1 Rf2 108. Rb1 Rg2+ 109. Kh1 Rf2 110. Kg1 Rg2+ 111. Kh1 Rf2 112. Kg1 1/2-1/2


[Site "https://www.chess.com"]

[Event "Titled Tuesday Blitz May 17 Early 2022"]
[White "Vokhidov, Shamsiddin"]
[Black "Lazavik, Denis"]
[WhiteFideId "14204223"]
[BlackFideId "13515110"]
[WhiteElo "2611"]
[BlackElo "2437"]
[Result "1-0"]
[Round "07"]
[TimeControl "180+1"]
[Date "2022.05.17"]
[WhiteClock "0:00:18"]
[BlackClock "0:00:06"]

1. e4 e5 2. Nf3 Nc6 3. Nc3 Nf6 4. a3 d5 5. Bb5 d4 6. Ne2 Bd6 7. Bxc6+ bxc6 8. d3 c5 9. O-O c4 10. Nexd4 exd4 11. e5 Be7 12. exf6 Bxf6 13. Re1+ Be6 14. dxc4 O-O 15. Qd3 Qd7 16. Bg5 Bf5 17. Qd2 Bxg5 18. Nxg5 c5 19. Nf3 Rfe8 20. Rxe8+ Rxe8 21. Re1 Be4 22. Qe2 Qc8 23. Nd2 Bc6 24. Qd1 h6 25. b4 Rxe1+ 26. Qxe1 Qf5 27. Qd1 Ba4 28. Nb3 d3 29. cxd3 Qe5 30. Qa1 Qg5 31. Nxc5 Bc6 32. Ne4 Qg6 33. Qe1 f5 34. Ng3 f4 35. Ne4 f3 36. g3 Qf5 37. b5 Bb7 38. Qe3 Qh5 39. h4 Qg4 40. Qf4 Qh5 41. Nd6 Ba8 42. Qf5 Qxf5 43. Nxf5 Kf7 44. Nd6+ Kf6 45. Nc8 Ke5 46. Nxa7 Kd4 47. a4 Kxd3 48. c5 Kd4 49. c6 Kc5 50. c7 1-0


[Site "https://www.chess.com"]

[Event "Titled Tuesday Blitz May 17 Early 2022"]
[White "Wagh Suyog"]
[Black "Oparin, Grigoriy"]
[WhiteFideId "25071688"]
[BlackFideId "24125890"]
[WhiteElo "2181"]
[BlackElo "2665"]
[Result "1-0"]
[Round "07"]
[TimeControl "180+1"]
[Date "2022.05.17"]
[WhiteClock "0:01:33"]
[BlackClock "0:00:13"]

1. e4 c6 2. d4 d5 3. e5 Bf5 4. h4 Qc8 5. Be2 h6 6. h5 e6 7. c4 Bb4+ 8. Nc3 dxc4 9. Bxc4 Ne7 10. Ne2 O-O 11. a3 Bxc3+ 12. bxc3 c5 13. Ba2 Rd8 14. Be3 Nbc6 15. Qc1 Bh7 16. g4 Nd5 17. g5 hxg5 18. Bxg5 f6 19. exf6 gxf6 20. Bh4 Rf8 21. Qh6 Kh8 22. Bxd5 Qd8 23. Be4 Rf7 1-0


[Site "https://www.chess.com"]

[Event "Titled Tuesday Blitz May 17 Early 2022"]
[White "Xu, Yi"]
[Black "Zhigalko, Sergei"]
[WhiteFideId "8605564"]
[BlackFideId "13502956"]
[WhiteElo "2471"]
[BlackElo "2662"]
[Result "1-0"]
[Round "07"]
[TimeControl "180+1"]
[Date "2022.05.17"]
[WhiteClock "0:00:05"]
[BlackClock "0:00:03"]

1. e4 c5 2. Nf3 Nc6 3. Bb5 Nf6 4. Nc3 Qc7 5. O-O Nd4 6. Re1 a6 7. Bc4 d6 8. Nd5 Nxd5 9. exd5 g6 10. Nxd4 cxd4 11. d3 h6 12. a4 Bg7 13. a5 O-O 14. b4 h5 15. Bg5 Re8 16. Qb1 e5 17. b5 Rb8 18. Qb4 Bd7 19. b6 Qc5 20. Qxc5 dxc5 21. f4 f6 22. fxe5 fxg5 23. e6 Bb5 24. Bxb5 axb5 25. d6 Bf6 26. a6 bxa6 27. Rxa6 Rb7 28. d7 Rd8 29. e7 Bxe7 30. Rxe7 Kf8 31. Re5 Rdxd7 32. Rxc5 b4 33. Rxg5 Rd6 34. Rb5 Rc6 35. Rxb4 Ke8 36. Rxd4 Rcxb6 37. Rxb6 Rxb6 38. Kf2 Kf7 39. Ke3 Kf6 40. Rf4+ Ke5 41. Re4+ Kd5 42. c4+ Kd6 43. Rf4 Ke5 44. d4+ Ke6 45. Ke4 Rb2 46. Kf3 Rc2 47. d5+ Ke5 48. Re4+ Kf5 49. Rd4 Ke5 50. d6 Kxd4 51. d7 Rc3+ 52. Kf4 g5+ 53. Kxg5 Kxc4 54. d8=Q Rd3 55. Qxd3+ Kxd3 56. Kxh5 1-0


[Site "https://www.chess.com"]

[Event "Titled Tuesday Blitz May 17 Early 2022"]
[White "Yuan, Qingyu"]
[Black "Paravyan, David"]
[WhiteFideId "8609772"]
[BlackFideId "4194985"]
[WhiteElo "2359"]
[BlackElo "2569"]
[Result "0-1"]
[Round "07"]
[TimeControl "180+1"]
[Date "2022.05.17"]
[WhiteClock "0:00:02"]
[BlackClock "0:01:30"]

1. e4 e5 2. Nf3 Nf6 3. Nxe5 d6 4. Nf3 Nxe4 5. Qe2 Qe7 6. Nc3 Nxc3 7. dxc3 Qxe2+ 8. Bxe2 Nc6 9. Bf4 Be7 10. O-O-O O-O 11. Rhe1 Bf6 12. h3 Bd7 13. Bc4 Rae8 14. Bd5 Nd8 15. Nd4 Bxd4 16. cxd4 Bc6 17. Bxc6 Nxc6 18. c3 f6 19. Kc2 Kf7 20. Kd3 Ne7 21. a4 a6 22. Bh2 Nd5 23. b3 h5 24. Kc4 Nb6+ 25. Kd3 Nd5 26. Kc4 Ne7 27. Kd3 Nf5 28. g4 Nh4 29. Bg3 Nf3 30. Re3 Rxe3+ 31. Kxe3 Ng5 32. h4 Re8+ 33. Kd3 Ne4 34. gxh5 f5 35. h6 f4 36. Rf1 fxg3 37. fxg3+ Kg6 38. hxg7 Kxg7 39. c4 Nf6 40. g4 Nxg4 41. Rg1 Re3+ 42. Kd2 Re4 43. Kd3 Rf4 44. b4 Kf7 45. b5 a5 46. Rg3 Nf6 47. Rh3 Nh5 0-1


[Site "https://www.chess.com"]

[Event "Titled Tuesday Blitz May 17 Early 2022"]
[White "Zakhartsov, Vladimir"]
[Black "Chigaev, Maksim"]
[WhiteFideId "4145097"]
[BlackFideId "4108116"]
[WhiteElo "2428"]
[BlackElo "2457"]
[Result "1/2-1/2"]
[Round "07"]
[TimeControl "180+1"]
[Date "2022.05.17"]
[WhiteClock "0:00:08"]
[BlackClock "0:00:08"]

1. d4 Nf6 2. c4 e6 3. Nc3 Bb4 4. e3 c5 5. Ne2 d5 6. a3 Bxc3+ 7. Nxc3 cxd4 8. exd4 dxc4 9. Bxc4 O-O 10. O-O Nc6 11. d5 exd5 12. Nxd5 Be6 13. Nxf6+ Qxf6 14. Bxe6 Qxe6 15. Bd2 Rad8 16. Qe1 Qg6 17. Bc3 Rfe8 18. Qb1 Qxb1 19. Raxb1 f6 20. Rfd1 Kf7 21. Kf1 h5 22. f3 a6 23. Rxd8 Rxd8 24. Re1 Ne7 25. Kf2 Nd5 26. Bd2 Rc8 27. Rc1 Rxc1 28. Bxc1 Ke6 29. Ke2 Ke5 30. Bd2 Kd4 31. g4 g6 32. Bh6 Kc4 33. h4 b5 34. Bg7 a5 35. Kd2 f5 36. gxh5 gxh5 37. Kc2 a4 38. Kd2 Nf4 39. Be5 Ng6 40. Bf6 f4 41. Kc2 Nf8 42. Be5 Ne6 43. Kd2 Nd4 44. Bxd4 Kxd4 45. Ke2 Kc4 46. Kd2 Kb3 47. Kc1 b4 48. axb4 Kxb4 49. Kc2 Kc4 50. Kd2 Kd4 51. Ke2 Kc5 52. Kd3 Kb4 53. Kc2 Kc4 54. Kd2 Kb3 55. Kc1 Kb4 56. Kc2 1/2-1/2


[Site "https://www.chess.com"]

[Event "Titled Tuesday Blitz May 17 Early 2022"]
[White "Aakanksha Hagawane"]
[Black "Jarovinsky, Alexey"]
[WhiteFideId "25014510"]
[BlackFideId "14115131"]
[WhiteElo "1971"]
[BlackElo "2446"]
[Result "0-1"]
[Round "08"]
[TimeControl "180+1"]
[Date "2022.05.17"]
[WhiteClock "0:00:26"]
[BlackClock "0:00:35"]

1. e4 Nc6 2. d4 d5 3. e5 Bf5 4. c3 f6 5. f4 e6 6. Nf3 Nh6 7. Bd3 Bxd3 8. Qxd3 Be7 9. Be3 O-O 10. Nbd2 a5 11. O-O-O a4 12. h3 fxe5 13. fxe5 Nf5 14. Bf2 Na5 15. g4 Nh4 16. Bxh4 Bxh4 17. Nxh4 Qxh4 18. Rhf1 c6 19. b3 axb3 20. axb3 Qe7 21. b4 b5 22. Kb2 Rxf1 23. Rxf1 Nc4+ 24. Nxc4 bxc4 25. Qc2 Qa7 26. Kc1 Qa1+ 27. Kd2 Qxf1 0-1


[Site "https://www.chess.com"]

[Event "Titled Tuesday Blitz May 17 Early 2022"]
[White "Andreikin, Dmitry"]
[Black "Vokhidov, Shamsiddin"]
[WhiteFideId "4158814"]
[BlackFideId "14204223"]
[WhiteElo "2736"]
[BlackElo "2611"]
[Result "1-0"]
[Round "08"]
[TimeControl "180+1"]
[Date "2022.05.17"]
[WhiteClock "0:01:59"]
[BlackClock "0:01:27"]

1. d4 Nf6 2. c4 e6 3. Nf3 d5 4. g3 dxc4 5. Bg2 a6 6. O-O Nc6 7. e3 Nd7 8. Nfd2 Nb6 9. Qe2 e5 10. Nc3 exd4 11. exd4+ Be7 12. d5 Nd4 13. Qe4 c5 14. dxc6 Bf5 15. c7 Qc8 16. Qxd4 Qxc7 17. Qxg7 O-O-O 18. Nde4 Bg6 19. Bf4 1-0


[Site "https://www.chess.com"]

[Event "Titled Tuesday Blitz May 17 Early 2022"]
[White "Antipov, Mikhail Al."]
[Black "Beerdsen, Thomas"]
[WhiteFideId "4107012"]
[BlackFideId "1030108"]
[WhiteElo "2512"]
[BlackElo "2585"]
[Result "1-0"]
[Round "08"]
[TimeControl "180+1"]
[Date "2022.05.17"]
[WhiteClock "0:00:01"]
[BlackClock "0:00:04"]

1. e4 e5 2. Nf3 Nc6 3. Bc4 f5 4. d3 Nf6 5. O-O Bc5 6. Nc3 fxe4 7. dxe4 d6 8. Ng5 Qe7 9. Bf7+ Kd8 10. Bc4 Rf8 11. Nd5 Nxd5 12. exd5 Nd4 13. Nxh7 Rf5 14. c3 Nf3+ 15. gxf3 Qh4 16. Bd3 Qxh7 17. Kh1 g6 18. Bxf5 Bxf5 19. Be3 Ke7 20. Rg1 Rh8 21. Rg2 Bb6 22. Qg1 e4 23. Re1 Kd7 24. Bxb6 exf3 25. Rg3 axb6 26. Rxf3 Qh4 27. Rfe3 Kd8 28. b3 Qf6 29. Qg3 g5 30. Kg1 Bd7 31. Rf3 Qg7 32. Rfe3 g4 33. Re7 Qf6 34. Qe3 Rf8 35. c4 Kc8 36. Rh7 b5 37. cxb5 Bxb5 38. Qa7 Kd8 39. Qb8# 1-0


[Site "https://www.chess.com"]

[Event "Titled Tuesday Blitz May 17 Early 2022"]
[White "Bachmann, Axel"]
[Black "Jumabayev, Rinat"]
[WhiteFideId "3700488"]
[BlackFideId "13702661"]
[WhiteElo "2587"]
[BlackElo "2561"]
[Result "1-0"]
[Round "08"]
[TimeControl "180+1"]
[Date "2022.05.17"]
[WhiteClock "0:01:16"]
[BlackClock "0:00:26"]

1. e4 e6 2. Qe2 d5 3. exd5 Qxd5 4. Nc3 Qd8 5. g3 c5 6. Bg2 Nf6 7. Nf3 Nc6 8. O-O Be7 9. d3 O-O 10. Bf4 a6 11. Rad1 Qa5 12. d4 Bd7 13. dxc5 Bxc5 14. Ne5 Rfd8 15. Nc4 Bxf2+ 16. Rxf2 Qc5 17. Bd6 1-0


[Site "https://www.chess.com"]